 Dungeon Crawl Stone Soup version 0.30.0-18-gc0e69614cb (webtiles) character file.

Game seed: 7615339998370045579

16465 buriedalive the Nimble (level 12, -6/76 HPs)
             Began as a Deep Elf Ice Elementalist on May 24, 2023.
             Was a Priest of Vehumet.
             Mangled by a very large slime creature (44 damage)
             ... on level 11 of the Dungeon.
             The game lasted 00:32:25 (13476 turns).

buriedalive the Nimble (Deep Elf Ice Elementalist) Turns: 13476, Time: 00:32:25

Health: -6/76      AC: 19    Str:  5    XL:     12   Next: 10%
Magic:  14/21      EV: 17    Int: 26    God:    Vehumet [***...]
Gold:   28         SH:  5    Dex: 15    Spells: 2/21 levels left

rFire   + + .        i - +3 Elemental Staff {rElec rF+ rC+ AC+3}
rCold   + . .        (no shield)
rNeg    . . .        v - +1 leather armour {rF+}
rPois   .            z - +0 helmet
rElec   +            (no cloak)
rCorr   +            (no gloves)
SInv    .            j - +1 pair of boots
Will    +....        l - amulet of reflection
Stlth   ++           x - ring of resist corrosion
HPRegen 0.32/turn    M - ring of wizardry
MPRegen 0.17/turn

%: reflection, wizardry (x1)
@: ice-armoured, freezing walls, studying Poison Magic
A: sense surroundings 1, shaggy fur 1
a: Renounce Religion


You were on level 11 of the Dungeon.
You worshipped Vehumet.
Vehumet was most pleased with you.
You visited 1 branch of the dungeon, and saw 11 of its levels.
You also visited: Ossuary.

You collected 828 gold pieces.
You spent 800 gold pieces at shops.

Inventory:

Hand Weapons
 i - the +3 Elemental Staff (weapon) {rElec rF+ rC+ AC+3}
   (You acquired it on level 4 of the Dungeon)

   It enhances your fire, ice, earth and air magic.
   AC:        It affects your AC (+3).
   rF:        It protects you from fire.
   rC:        It protects you from cold.
   rElec:     It insulates you from electricity.
 u - a +2 dagger of protection
 y - a +4 dagger of venom
Missiles
 d - 8 curare-tipped darts
 n - 112 stones
 w - 18 poisoned darts
 B - 6 atropa-tipped darts
 N - 3 throwing nets
Armour
 j - a +1 pair of boots (worn)
 v - a +1 leather armour of fire resistance (worn)
 z - a +0 helmet (worn)
Magical Staves
 c - a staff of air
 E - the staff of fire "Vihod" {+Blink rF+ Dex+3}
   (You found it on level 7 of the Dungeon)

   [staff of fire]

   Base accuracy: +5 Base damage: 5 Base attack delay: 1.2 This weapon's minimum
   attack delay (0.6) is reached at skill level 12.
   Dex:       It affects your dexterity (+3).
   rF:        It protects you from fire.
   +Blink:    It lets you blink.
   It falls into the 'Staves' category.
   It is a one-handed weapon.
 G - a staff of conjuration
Jewellery
 l - an amulet of reflection (around neck)
 x - a ring of resist corrosion (left hand)
 D - a +4 ring of slaying
 I - a ring of willpower
 L - an amulet of guardian spirit
 M - a ring of wizardry (right hand)
 O - a ring of protection from fire
Wands
 a - a wand of polymorph (6)
 p - a wand of roots (19)
 C - a wand of mindburst (9)
 J - a wand of flame (46)
 S - a wand of digging (6)
Scrolls
 h - 6 scrolls of teleportation
 A - a scroll of fog
 H - 2 scrolls of immolation
 R - 2 scrolls of brand weapon
Potions
 b - a potion of magic
 e - 3 potions of brilliance
 f - 6 potions of curing
 g - 2 potions of cancellation
 k - 2 potions of berserk rage
 m - a potion of resistance
 o - 2 potions of might
 r - 5 potions of haste
 s - 3 potions of lignification
 F - 2 potions of invisibility
 K - 4 potions of attraction
 Q - a potion of ambrosia {unknown}
 T - 2 potions of degeneration {unknown}
 W - 2 potions of flight {unknown}


   Skills:
 + Level 9.2 Fighting
 - Level 12.0 Dodging
 - Level 2.4 Stealth
 + Level 5.2 Spellcasting
 + Level 4.4 Conjurations
 - Level 9.1 Summonings
 - Level 10.0 Ice Magic


You had 2 spell levels left.
You knew the following spells:

 Your Spells              Type           Power      Damage    Failure   Level
a - Freeze                Ice            100%       1d10      1%          1
b - Ozocubu's Armour      Ice            73%        N/A       1%          3
c - Frozen Ramparts       Ice            100%       1d16      1%          3
d - Summon Ice Beast      Ice/Summ       71%        N/A       1%          4
e - Hailstorm             Conj/Ice       61%        3d13      1%          3
f - Freezing Cloud        Conj/Ice/Air   32%        6-21      5%          5

Your spell library contained the following spells:

 Spells                   Type           Power      Damage    Failure   Level
 Airstrike                Air            5%         2d(1-17)  13%         4
 Magic Dart               Conj           100%       1d8       1%          1
 Call Imp                 Summ           100%       N/A       1%          2
 Momentum Strike          Conj/Tloc      36%        3d9       1%          2
 Apportation              Tloc           12%        N/A       5%          1
 Blink                    Tloc           12%        N/A       8%          2
 Cigotuvi's Dreadful Rot  Necr/Pois/Air  20%        N/A       8%          2
 Lesser Beckoning         Tloc           12%        N/A       8%          2
 Dazzling Flash           Conj/Hex       36%        N/A       1%          3
 Mephitic Cloud           Conj/Pois/Air  21%        N/A       2%          3
 Ignite Poison            Fire/Tmut/Pois 10%        N/A       4%          3
 Volatile Blastmotes      Fire/Tloc      20%        2d11      4%          3
 Ice Form                 Ice/Tmut       49%        N/A       6%          4
 Iskenderun's Mystic Bla  Conj/Tloc      18%        2d6       6%          4
 Iskenderun's Battlesphe  Conj           29%        2d8       7%          5
 Irradiate                Conj/Tmut      9%         3d14      14%         5
 Portal Projectile        Hex/Tloc       12%        N/A       16%         3
 Tukima's Dance           Hex            6%         N/A       16%         3
 Cause Fear               Hex            3%         N/A       43%         4
 Manifold Assault         Tloc           6%         N/A       43%         4
 Spellforged Servitor     Conj/Summ      21%        N/A       50%         7
 Iron Shot                Conj/Erth      13%        9d3       54%         6
 Starburst                Conj/Fire      13%        6d6       54%         6
 Simulacrum               Ice/Necr       24%        N/A       65%         6
 Alistair's Intoxication  Tmut/Pois      4%         N/A       77%         5
 Blade Hands              Tmut           3%         N/A       77%         5
 Dispersal                Tloc           3%         N/A       99%         6
 Dragon Form              Tmut           3%         N/A       100%        7
 Disjunction              Tloc           3%         N/A       100%        8
 Dragon's Call            Summ           26%        N/A       100%        9


Dungeon Overview and Level Annotations

Branches:
Dungeon (11/15)            Temple (0/1) D:6         Ossuary (visited)
   Lair: D:8-11         Orc: D:9-12

Altars:
Elyvilon
Makhleb
Okawaru
Uskayaw
Vehumet
Xom
Zin
The Shining One

Shops:
D:9 :   D:10 :


Innate Abilities, Weirdness & Mutations

You passively map a small area around you.
You are covered in fur. (AC +1)


Message History

You freeze the very large slime creature!
The very large slime creature is heavily wounded.
The wall freezes the very large slime creature!
You block the very large slime creature's attack.
Casting: Freeze (safe; 1% risk of failure)
Confirm with . or Enter, or press ? or * to list all spells.
Aiming: Freeze (safe; 1% risk of failure)
Press: ? - help, Shift-Dir - straight line, f/p - very large slime creature
Aim: a very large slime creature (heavily wounded)
You feel a surge of power!
You freeze the very large slime creature.
The very large slime creature is heavily wounded.
The wall freezes the very large slime creature!
The very large slime creature hits you!!
Okay, then.
Casting: Freeze (safe; 1% risk of failure)
Confirm with . or Enter, or press ? or * to list all spells.
Aiming: Freezing Cloud (dangerous; 5% risk of failure)
Press: ? - help, Dir - move target, f/p - very large slime creature
Aim: a very large slime creature (heavily wounded)
You feel a strong surge of power! That beam is likely to hit you.
Continue anyway?
Okay, then.
Casting: Freezing Cloud (dangerous; 5% risk of failure)
Confirm with . or Enter, or press ? or * to list all spells.
Aiming: Freeze (safe; 1% risk of failure)
Press: ? - help, Shift-Dir - straight line, f/p - very large slime creature
Aim: a very large slime creature (heavily wounded)
You feel a surge of power!
You freeze the very large slime creature!
The very large slime creature is heavily wounded.
The wall freezes the very large slime creature.
The very large slime creature hits you!
* * * LOW HITPOINT WARNING * * *
A slime creature comes into view.
You feel much better.
The wall freezes the very large slime creature.
The very large slime creature hits you!!!
Ouch! That really hurt!
You die...

, , * , , * * ###
#.. * * #.# ** *
#.# ,
###########.# * *
......J@....#
##J#.######.# ,
##.## * , #...# ,
* , ###...### ,,
** *
##.......####.# *
...............#
,
..##.......######
., ##.....##


You could see a very large slime creature and a slime creature.

Vanquished Creatures
  A two-headed ogre (D:9)
  Pikel (D:6)
  A cyclops (D:7)
  2 unseen horrors
  A hornet (D:9)
  A slime creature (D:7)
  Sigmund (D:2)
  2 shadows (D:10)
  6 yaks (D:9)
  Grum (D:10)
  A vampire mosquito (D:7)
  3 steam dragons
  Menkaure (D:6)
  An acid dragon (D:7)
  2 water moccasins (D:7)
  2 black bears (D:5)
  6 orc warriors
  4 sky beasts
  3 ice beasts
  2 wolves (D:10)
  6 centaurs
  4 kobold brigands
  Blork the orc (D:6)
  4 bullfrogs (D:7)
  5 scorpions
  4 killer bees (D:9)
  4 howler monkeys
  An electric eel (D:10)
  4 hounds
  9 orc priests
  A gnoll bouda (D:6)
  2 jellies (D:5)
  A sleepcap (D:8)
  An iguana (D:5)
  Jessica (D:3)
  Ijyb (D:3)
  9 orc wizards
  8 mummies (Ossuary)
  Robin (D:3)
  5 adders
  8 gnolls
  2 shadow imps
  3 white imps
  An ufetubus (D:5)
  3 worms (D:2)
  2 dart slugs
  26 orcs
  2 ball pythons
  6 bats
  4 endoplasms
  12 goblins
  7 hobgoblins
  12 jackals
  24 kobolds
  2 quokkas
  A frilled lizard (D:2)
  A gnoll zombie (Ossuary)
  2 hobgoblin zombies (Ossuary)
  5 orc zombies (Ossuary)
  7 rats
244 creatures vanquished.

Vanquished Creatures (others)
  A kobold (D:8)
1 creature vanquished.

Grand Total: 245 creatures vanquished

Notes
Turn   | Place    | Note
-------+----------+-------------------------------------------
     0 | D:1      | buriedalive the Deep Elf Ice Elementalist began the quest
                  | for the Orb.
     0 | D:1      | Reached XP level 1. HP: 10/10 MP: 6/6
   141 | D:1      | Reached XP level 2. HP: 12/15 MP: 2/8
   300 | D:1      | Reached skill level 3 in Dodging
   528 | D:1      | Reached XP level 3. HP: 19/19 MP: 7/10
  1249 | D:2      | Noticed Sigmund
  1258 | D:2      | Learned a level 3 spell: Ozocubu's Armour
  1262 | D:2      | Learned a level 3 spell: Frozen Ramparts
  1278 | D:2      | Killed Sigmund
  1279 | D:2      | Reached skill level 4 in Dodging
  1279 | D:2      | Reached skill level 5 in Spellcasting
  1279 | D:2      | Reached skill level 5 in Ice Magic
  1279 | D:2      | Reached XP level 4. HP: 16/24 MP: 1/13
  1279 | D:2      | Reached XP level 5. HP: 18/28 MP: 1/14
  2422 | D:3      | Noticed Ijyb
  2433 | D:3      | Killed Ijyb
  2660 | D:3      | Noticed Jessica
  2665 | D:3      | Killed Jessica
  2666 | D:3      | Reached skill level 5 in Dodging
  2666 | D:3      | Reached XP level 6. HP: 32/32 MP: 8/15
  2810 | D:3      | Noticed Robin
  2820 | D:3      | Killed Robin
  3277 | D:3      | Found a faded altar of an unknown god.
  3317 | D:3      | Found a white marble altar of Elyvilon.
  3331 | D:3      | Learned a level 4 spell: Summon Ice Beast
  3732 | D:4      | Found a glowing golden altar of the Shining One.
  3939 | D:4      | Reached skill level 6 in Dodging
  4052 | D:4      | Reached XP level 7. HP: 36/36 MP: 14/16
  4484 | D:4      | Identified a scroll of acquirement
  4484 | D:4      | Acquired the +3 Elemental Staff {rElec rF+ rC+ AC+3}
  4484 | D:4      | Found the +3 Elemental Staff {rElec rF+ rC+ AC+3}
  4502 | D:5      | Entered Level 5 of the Dungeon
  4749 | D:5      | Reached skill level 7 in Dodging
  4912 | D:5      | Found a burning altar of Makhleb.
  5003 | D:5      | Found an iron altar of Okawaru.
  5106 | D:5      | Found a radiant altar of Vehumet.
  5119 | D:5      | Became a worshipper of Vehumet
  5414 | D:5      | Learned a level 3 spell: Hailstorm
  5471 | D:6      | Found a staircase to the Ecumenical Temple.
  5538 | D:6      | Reached skill level 1 in Summonings
  5602 | D:6      | Noticed Blork the orc
  5610 | D:6      | Killed Blork the orc
  5611 | D:6      | Reached XP level 8. HP: 41/41 MP: 11/17
  5809 | D:6      | Reached skill level 8 in Dodging
  6088 | D:6      | Noticed Menkaure
  6097 | D:6      | Killed Menkaure
  6610 | D:6      | Noticed Pikel
  6620 | D:6      | Killed Pikel
  6621 | D:6      | Reached skill level 9 in Dodging
  6621 | D:6      | Reached XP level 9. HP: 43/45 MP: 8/18
  6970 | D:7      | Reached skill level 5 in Summonings
  7103 | D:7      | Found a sand-covered staircase.
  7108 | Ossuary  | Entered an ossuary
  7271 | Ossuary  | Reached * piety under Vehumet
  7271 | Ossuary  | Offered knowledge of Sandblast by Vehumet.
  8034 | D:7      | Reached skill level 10 in Dodging
  8034 | D:7      | Reached skill level 10 in Ice Magic
  8067 | D:7      | You fall into a shaft and drop 1 floor!
  9089 | D:7      | Reached skill level 11 in Dodging
  9093 | D:7      | Killed an unseen horror
  9269 | D:7      | Noticed a cyclops
  9272 | D:7      | Reached XP level 10. HP: 50/50 MP: 11/19
  9274 | D:7      | Killed a cyclops
  9275 | D:7      | Reached skill level 12 in Dodging
  9275 | D:7      | Reached skill level 1 in Fighting
  9369 | D:7      | Identified the staff of fire "Vihod" {+Blink rF+ Dex+3}
  9383 | D:7      | Identified the +0 robe of the Northern Lights {+Inv rElec
                  | Str-4 Dex+5}
 10449 | D:9      | Noticed a two-headed ogre
 10464 | D:9      | Killed a two-headed ogre
 10539 | D:9      | Reached ** piety under Vehumet
 10539 | D:9      | Offered knowledge of Foxfire by Vehumet.
 11146 | D:9      | Found Beoss's Book Shoppe.
 11182 | D:9      | Found a hide-covered altar of Uskayaw.
 11182 | D:9      | Found a shimmering altar of Xom.
 11711 | D:9      | Reached XP level 11. HP: 69/69 MP: 20/20
 11712 | D:9      | Gained mutation: You are vulnerable to cold. (rC-) [potion
                  | of mutation]
 11712 | D:9      | Gained mutation: You have sharp toenails. [potion of
                  | mutation]
 11713 | D:9      | Lost mutation: You are vulnerable to cold. (rC-) [potion of
                  | mutation]
 11713 | D:9      | Lost mutation: You have sharp toenails. [potion of
                  | mutation]
 11713 | D:9      | Gained mutation: You passively map a small area around you.
                  | [potion of mutation]
 11713 | D:9      | Gained mutation: You are covered in fur. (AC +1) [potion of
                  | mutation]
 11748 | D:10     | Entered Level 10 of the Dungeon
 11749 | D:10     | Identified the +1 ring mail of Apsyrr {rPois rN+ Dex+4}
 11763 | D:10     | Offered knowledge of Inner Flame by Vehumet.
 12102 | D:10     | Reached *** piety under Vehumet
 12120 | D:10     | Reached XP level 12. HP: 65/75 MP: 10/21
 12290 | D:10     | HP: 1/76 [orc warrior/+0 glaive (10)]
 12326 | D:10     | Noticed Grum
 12333 | D:10     | Killed Grum
 12539 | D:10     | Offered knowledge of Airstrike by Vehumet.
 12557 | D:10     | Learned a level 5 spell: Freezing Cloud
 13110 | D:10     | Found a glowing silver altar of Zin.
 13182 | D:10     | Found Oceosuw's Book Shoppe.
 13273 | D:10     | Bought a book of the Tundra for 512 gold pieces
 13273 | D:10     | Bought a book of Spatial Translocations for 288 gold pieces
 13476 | D:11     | Mangled by a very large slime creature

Illustrated notes

Levels and vault maps discovered:
D:1:      roderic_dead_forest, layout_loops_ring, serial_forest,
          infiniplex_forest_corner_1, infiniplex_forest_lined_4_way,
          infiniplex_forest_pool, infiniplex_forest_clump_C
D:2:      layout_loops_corners, uniq_sigmund
D:3:      layout_loops_cross, mainiacjoe_overflow_catwalk,
          shapermc_ecumenical_altar_flowoftime, minmay_pentomino_pile,
          uniq_ijyb, uniq_jessica, uniq_robin
D:4:      layout_basic, tso_metal_star, minmay_a_box_with_orc_wizards_in_it
D:5:      layout_loops_ring, mainiacjoe_overflow_alcove_4,
          mainiacjoe_overflow_catch_the_wave, dk_noncrumbling_4
D:6:      layout_basic, minmay_temple_entry_gardened_gates, uniq_pikel,
          uniq_blork_the_orc, uniq_menkaure
D:7:      minmay_the_grid_triangle_9x9_rhombus_full
          [minmay_the_grid_triangle_9x9_intruding_spiral,
          minmay_the_grid_triangle_9x9_flanged_cone,
          minmay_the_grid_triangle_9x9_odd_lines,
          minmay_the_grid_triangle_9x9_zippers_horizontal,
          minmay_the_grid_triangle_9x9_zippers_vertical,
          minmay_the_grid_triangle_9x9_semitri,
          minmay_the_grid_triangle_9x9_thin_v,
          minmay_the_grid_triangle_9x9_prize_insulated], layout_layer_cave,
          nicolae_ossuary_entry_false_entrances
D:8:      layout_loops_ring, minmay_misc_feat_tiny
D:9:      layout_basic, nicolae_overflow_hidden_temple, serial_shops, shop
D:10:     layout_loops_cross, zin_scriptorium, serial_shops,
          nicolae_inconvenience_store, kennysheep_dice, uniq_grum
D:11:     layout_loops_ring, hellmonk_lair_entry_icy, orc_0_dummy

Skill      XL: |  1  2  3  4  5  6  7  8  9 10 11 12 |
---------------+-------------------------------------+-----
Dodging        | 3 4 5 6 7 9 11 12 | 12.0
Spellcasting   | 5 |  5.2
Ice Magic      | 5 6 8 9 10 | 10.0
Summonings     | 1 4 7 9 |  9.1
Fighting       | 8 9 |  9.2
Conjurations   | 2 3 4 |  4.4
Stealth        | |  2.4

Action                     |  1- 3 |  4- 6 |  7- 9 | 10-12 || total
---------------------------+-------+-------+-------+-------++-------
  Melee: Dagger            |    20 |    60 |     1 |       ||    81
         Staff             |       |       |   192 |    77 ||   269
         Punch             |       |       |     4 |     3 ||     7
  Throw: Dart              |       |       |     2 |     1 ||     3
   Cast: Freeze            |    28 |    30 |    23 |    50 ||   131
         Frozen Ramparts   |     1 |    11 |    49 |    34 ||    95
         Ozocubu's Armour  |     1 |     8 |    38 |    25 ||    72
  Evoke: Wand              |       |       |     4 |    22 ||    26
    Use: Scroll            |       |     7 |    15 |     5 ||    27
         Potion            |       |       |       |     9 ||     9
   Stab: Sleeping          |     4 |     4 |     2 |       ||    10
 Armour: Robe              |     6 |     2 |       |       ||     8
         Leather armour    |       |    14 |    75 |    59 ||   148
  Dodge: Dodged            |    23 |    41 |   146 |   132 ||   342
  Block: Other             |     2 |    16 |    60 |    45 ||   123
         Reflection        |       |       |       |     6 ||     6
